 Dungeon Crawl Stone Soup version 0.19-a0-1311-gdcfd90a (webtiles) character file.

325 IcyTea the Slasher (level 6, 0/44 HPs)
             Began as a Demonspawn Skald on Aug 31, 2016.
             Slain by an orc wizard
             ... wielding a +0 dagger
              (3 damage)
             ... on level 4 of the Dungeon.
             The game lasted 00:15:30 (4264 turns).

IcyTea the Slasher (Demonspawn Skald)               Turns: 4264, Time: 00:15:30

Health: 0/44       AC:  8    Str: 12    XL:     6   Next: 24%
Magic:  9/9        EV: 16    Int: 16    God:
Gold:   180        SH:  7    Dex: 17    Spells: 3 memorised, 3 levels left

rFire  . . .     SeeInvis .     l - +1 dagger (venom)
rCold  . . .     Gourm    .     b - +0 leather armour
rNeg   . . .     Faith    .     w - +2 buckler
rPois  .         Spirit   .     (no helmet)
rElec  .         Dismiss  .     f - +0 cloak
rCorr  .         Reflect  .     q - +0 pair of gloves
MR     .....     Harm     .     (no boots)
Stlth  ++........               (no amulet)
                                (no ring)
                                (no ring)

@: agile
A: icy blue scales 2
a: no special abilities


You were on level 4 of the Dungeon.
You were not hungry.

You visited 1 branch of the dungeon, and saw 4 of its levels.

You collected 180 gold pieces.

Inventory:

Hand Weapons
 a - a +0 falchion
 l - a +1 dagger of venom (weapon)
Missiles
 g - 3 tomahawks (quivered)
Armour
 b - a +0 leather armour (worn)
 f - a +0 cloak (worn)
 n - a +0 shield
 q - a +0 pair of gloves (worn)
 w - a +2 buckler (worn)
Wands
 v - a wand of flame (34/48)
Scrolls
 i - 3 scrolls of identify
 m - 2 scrolls of enchant weapon
 o - a scroll of teleportation
 s - 2 scrolls of remove curse
 u - a scroll of amnesia {unknown}
Potions
 e - 2 potions of berserk rage
 j - a potion of might
Books
 c - a book of Battle

   Spells                             Type                      Level
   a - Infusion                       Charms                       1
   b - Shroud of Golubria             Charms/Translocation         2
   c - Song of Slaying                Charms                       2
   d - Spectral Weapon                Hexes/Charms                 3
   e - Regeneration                   Charms/Necromancy            3
Comestibles
 d - 5 bread rations
 h - 2 slices of pizza
 k - 3 meat rations
 p - a royal jelly
 r - 2 chunks of flesh
 t - 4 fruits


   Skills:
 - Level 2.0 Fighting
 - Level 5.5 Long Blades
 - Level 0.8 Armour
 - Level 0.8 Dodging
 + Level 2.2 Shields
 - Level 2.0 Spellcasting
 - Level 2.6 Charms


You had 3 spell levels left.
You knew the following spells:

 Your Spells              Type           Power        Failure   Level  Hunger
a - Infusion              Chrm           ##..         12%         1    #......
b - Shroud of Golubria    Chrm/Tloc      #.........   34%         2    ###....
c - Regeneration          Chrm/Necr      #.........   69%         3    ###....


Dungeon Overview and Level Annotations

Branches:
Dungeon (4/15)
 Temple: D:4-7

Altars:
Gozag
Makhleb
Okawaru
Uskayaw
Zin
The Shining One


Innate Abilities, Weirdness & Mutations

You are mostly covered in icy blue scales. (AC +3)


Message History

You block the orc's attack.
You hit the orc.
The orc is poisoned.
The orc is heavily wounded.
Something hits you but does no damage. The orc hits you.
* * * LOW HITPOINT WARNING * * *
You closely miss something. Something hits you.
* * * LOW HITPOINT WARNING * * *
The orc hits you.
* * * LOW HITPOINT WARNING * * *
It was a potion of agility.
You feel agile all of a sudden. The orc barely misses you.
Something hits you but does no damage.
You hit the orc but do no damage.
The orc looks as sick as possible!
The orc is severely wounded.
You kill the orc!
Something hits you but does no damage.
You hit something. Something hits you.
* * * LOW HITPOINT WARNING * * *
You miss something. Something hits you.
You die...

#)# # #### #.# # .....
#.# # ..#...######.# ###
#.#.........## #..
._.#.##......# #.#
#.#..........########.#
..#...........'......#.#
......{@......######.#.#
......))>.....# #.#.#
.....####...### #.#..
.... ##### #.### .#>
####.... # ..........
##########


There were no monsters in sight!

Vanquished Creatures
  2 hounds
  2 orc priests (D:4)
  Crazy Yiuf (D:2)
  An orc wizard (D:3)
  A giant frog skeleton (D:4)
  An adder (D:3)
  3 worms
  3 dart slugs
  4 giant geckos
  11 orcs
  9 bats
  4 giant cockroaches
  12 goblins
  6 hobgoblins
  3 jackals (D:1)
  6 kobolds
  3 ball pythons
  A giant gecko skeleton (D:4)
  7 giant newts
  5 rats
85 creatures vanquished.

Notes
Turn   | Place    | Note
-------+----------+-------------------------------------------
     0 | D:1      | IcyTea the Demonspawn Skald began the quest for the Orb.
     0 | D:1      | Reached XP level 1. HP: 16/16 MP: 3/3
    14 | D:1      | Reached skill level 2 in Long Blades
   452 | D:1      | Gained mutation: You are partially covered in icy blue scales. (AC +2) [demonic ancestry]
   452 | D:1      | Reached XP level 2. HP: 18/22 MP: 5/5
   816 | D:1      | Reached skill level 3 in Long Blades
   977 | D:2      | Gained mutation: You are mostly covered in icy blue scales. (AC +3) [demonic ancestry]
   977 | D:2      | Reached XP level 3. HP: 26/27 MP: 6/6
  1071 | D:2      | Found an opulent altar of Gozag.
  1320 | D:2      | Found a glowing golden altar of the Shining One.
  1412 | D:2      | Found a hide-covered altar of Uskayaw.
  1687 | D:2      | Learned a level 2 spell: Shroud of Golubria
  1691 | D:2      | Learned a level 3 spell: Regeneration
  1764 | D:2      | Found a runed door.
  1768 | D:2      | Noticed Crazy Yiuf
  2103 | D:2      | Killed Crazy Yiuf
  2103 | D:2      | Reached skill level 4 in Long Blades
  2103 | D:2      | Reached XP level 4. HP: 19/33 MP: 7/7
  2351 | D:3      | Found a burning altar of Makhleb.
  2352 | D:3      | Noticed a balrug
  2356 | D:3      | Found a glowing silver altar of Zin.
  2356 | D:3      | Noticed an angel
  2936 | D:3      | Reached XP level 5. HP: 30/38 MP: 8/8
  3270 | D:4      | Reached skill level 5 in Long Blades
  3297 | D:4      | Noticed a phantom
  3934 | D:3      | Reached skill level 1 in Shields
  4226 | D:4      | Found an iron altar of Okawaru.
  4245 | D:4      | Reached XP level 6. HP: 24/44 MP: 9/9
  4264 | D:4      | Slain by an orc wizard

Vault maps used:
D:1:      roderic_dead_forest
D:2:      eat_drink_and_be_merry_uskayaw, tso_altar, nicolae_gozag_seed_capital,
          kennysheep_cross_bottleneck, uniq_crazy_yiuf_cottage
D:3:      grunt_temple_overflow_order_and_chaos_2, first_bread,
          wad_floor_pattern_untrapped
D:4:      corexii_shack_village, okawaru_metal_pillars_3, serial_shops,
          nicolae_shop_stone, lexackson_kobold_supper

Skill      XL: |  1  2  3  4  5  6 |
---------------+-------------------+-----
Long Blades    | 2 3 4 5 |  5.5
Shields        | 1 2 |  2.2
Fighting       | |  2.0
Armour         | |  0.8
Dodging        | |  0.8
Spellcasting   | |  2.0
Charms         | |  2.6

Action                   |  1- 3 |  4- 6 || total
-------------------------+-------+-------++-------
Melee: Falchion          |   112 |    44 ||   156
       Dagger            |    56 |   187 ||   243
 Cast: Shroud of Golubri |     1 |       ||     1
  Use: Scroll            |     4 |     3 ||     7
       Potion            |     3 |     3 ||     6
  Eat: Chunk             |     3 |     8 ||    11
Armor: Leather armour    |    50 |    64 ||   114
       Skin              |       |    16 ||    16
Dodge: Dodged            |    82 |    98 ||   180
Block: Buckler           |       |    20 ||    20
